 Dungeon Crawl Stone Soup version 0.29-a0-775-g4d7333d4e2 (webtiles) character file.

Game seed: 7848682575463745055

249 Bnni the Chopper (level 5, 0/42 HPs)
             Began as a Demonspawn Gladiator on July 1, 2022.
             Slain by an orc priest
             ... wielding a +0 hand axe
              (6 damage)
             ... on level 4 of the Dungeon.
             The game lasted 00:04:58 (3257 turns).

Bnni the Chopper (Demonspawn Gladiator)             Turns: 3257, Time: 00:05:00

Health: 0/42       AC: 11    Str: 17    XL:     5   Next: 87%
Magic:  5/5        EV:  7    Int:  9    God:
Gold:   163        SH:  0    Dex: 14    Spells: 4/4 levels left

rFire   . . .      SeeInvis .   a - +0 war axe
rCold   . . .      Faith    .   (no shield)
rNeg    . . .      Spirit   .   g - +0 chain mail
rPois   .          Reflect  .   (helmet restricted)
rElec   .          Harm     .   (no cloak)
rCorr   .          Rampage  .   h - +0 pair of gloves
Will    .....                   (no boots)
Stlth   ..........              (no amulet)
HPRegen 0.14/turn               (no ring)
MPRegen 0.09/turn               (no ring)

@: no status effects
A: antennae 2, slimy green scales 1
a: no special abilities


You were on level 4 of the Dungeon.
You visited 1 branch of the dungeon, and saw 4 of its levels.

You collected 163 gold pieces.

Inventory:

Hand Weapons
 a - a +0 war axe (weapon)
Missiles
 d - 3 throwing nets (quivered)
 e - 6 javelins
 m - 2 silver javelins
Armour
 g - a +0 chain mail (worn)
 h - a +0 pair of gloves (worn)
Jewellery
 f - a ring of ice
 o - a ring of fire
Wands
 u - a wand of polymorph (10)
Scrolls
 c - a scroll of enchant armour {unknown}
 i - a scroll of immolation {unknown}
 j - 3 scrolls of noise {unknown}
 k - a scroll of brand weapon
 n - a scroll of identify
 p - a scroll of blinking {unknown}
 r - a scroll of enchant weapon {unknown}
 s - a scroll of acquirement {unknown}
 t - 3 scrolls of teleportation {unknown}
Potions
 b - a potion of attraction
 q - a potion of brilliance


   Skills:
 + Level 3.9 Fighting
 * Level 5.2 Axes
 - Level 1.7 Throwing
 - Level 2.6 Dodging


You had 4 spell levels left.
You didn't know any spells.
Your spell library contained the following spells:

 Spells                   Type           Power      Damage    Failure   Level
 Static Discharge         Conj/Air       0%         3-3/arc   100%        2
 Dispel Undead            Necr           0%         3d6       100%        4
 Sticky Flame             Conj/Fire      0%         2d3       100%        4


Dungeon Overview and Level Annotations

Branches:
Dungeon (4/15)
 Temple: D:4-7

Altars:


Innate Abilities, Weirdness & Mutations

You have a pair of antennae on your head.
You are partially covered in slimy green scales. (AC +2)


Message History

You closely miss the orc priest. You closely miss the orc.
The orc priest hits you with a +0 falchion.
The orc hits you but does no damage. The orc barely misses you.
The orc hits you but does no damage.
The orc priest mumbles some strange prayers to Beogh against you.
Pain shoots through your body!
* * * LOW HITPOINT WARNING * * *
You closely miss the orc priest.
The orc priest is lightly wounded.
You barely miss the orc. You slash the orc!
You kill the orc!
You slash the orc priest!
The orc priest hits you with a +0 falchion.
* * * LOW HITPOINT WARNING * * *
The orc priest begins to cast a cantrip, but forgets the words!
The orc completely misses you.
You feel better. The orc priest barely misses you.
The orc priest closely misses you. The jelly hits you but does no damage.
The orc hits you but does no damage.
Aiming: Polymorph
Press: ? - help, Shift-Dir - straight line, f - orc priest
Aim: an orc priest, wielding a +0 falchion (lightly wounded, will become a hound, a bat, or a howler monkey, chance to affect: 49%)
The orc priest resists with some effort.
The orc priest hits you but does no damage. x2
The jelly hits you but does no damage. The orc hits you but does no damage.
You slash the orc priest!
The orc priest is almost dead.
You hit the orc but do no damage. You hit the jelly.
Your hands burn!
* * * LOW HITPOINT WARNING * * *
You hit the orc priest but do no damage.
The orc priest hits you but does no damage. x2
The jelly hits you but does no damage. The orc hits you but does no damage.
You hit the orc.
The orc is heavily wounded.
You barely miss the orc priest. You hit the jelly.
Your hands burn!
* * * LOW HITPOINT WARNING * * *
You hit the orc priest.
The orc priest hits you but does no damage.
The orc priest hits you with a +0 hand axe.
You die...

...##.....##......'....#
..................####'#
.........##..##..#....>
.####+#########..#####.....
..............#..#...+.....
...>..........#..#...#.....
..............##+###'#.....
.........oo........(.......
.........o@................
.........J.................
.......#######.............
.###### #.............
###'#.........
#.)#####..... #...# #.....
#...# #..... ##### #.....


You could see a jelly, 2 orc priests and an orc.

Vanquished Creatures
  An orc priest (D:3)
  A jelly (D:4)
  Jessica (D:2)
  An orc wizard (D:3)
  6 adders
  A white imp (D:3)
  An ufetubus (D:4)
  2 worms
  A dart slug (D:2)
  4 orcs
  3 ball pythons
  10 endoplasms
  2 giant cockroaches
  6 goblins
  3 hobgoblins
  5 quokkas
  5 bats
  3 frilled lizards
  9 kobolds
  A spectral hobgoblin (D:2)
66 creatures vanquished.

Notes
Turn   | Place    | Note
-------+----------+-------------------------------------------
     0 | D:1      | Bnni the Demonspawn Gladiator began the quest for the Orb.
     0 | D:1      | Reached XP level 1. HP: 16/16 MP: 1/1
   426 | D:1      | Reached skill level 3 in Axes
   530 | D:1      | Gained mutation: You have a pair of small antennae on your
                  | head. [demonic ancestry]
   530 | D:1      | Reached XP level 2. HP: 22/22 MP: 2/2
  1008 | D:2      | Noticed Jessica
  1013 | D:2      | Killed Jessica
  1014 | D:2      | Reached XP level 3. HP: 25/28 MP: 3/3
  1271 | D:2      | Found a faded altar of an unknown god.
  1283 | D:2      | Reached skill level 4 in Axes
  1283 | D:2      | Gained mutation: You have a pair of antennae on your head.
                  | [demonic ancestry]
  1283 | D:2      | Reached XP level 4. HP: 25/34 MP: 4/4
  1965 | D:3      | Gained mutation: You are partially covered in slimy green
                  | scales. (AC +2) [demonic ancestry]
  1965 | D:3      | Reached XP level 5. HP: 9/41 MP: 5/5
  2965 | D:4      | Reached skill level 5 in Axes
  3253 | D:4      | HP: 1/42 [orc priest/+0 falchion (6)]
  3257 | D:4      | Slain by an orc priest

Illustrated notes

Levels and vault maps discovered:
D:1:      psy_arrival_whirlpool, layout_basic, serial_aquarium,
          aquarium_bridge_island_small [aquarium_subvault_small_water,
          aquarium_subvault_bridge, aquarium_subvault_bridge,
          aquarium_subvault_bridge, aquarium_subvault_window],
          aquarium_window_1, aquarium_window_1, aquarium_window_fake,
          aquarium_view_2a, aquarium_view_2d, aquarium_balcony_3a,
          minmay_misc_feat_doors
D:2:      layout_basic, dreamdust_ecumenical_altar_drowned_temple,
          kennysheep_generic_room_5, uniq_jessica
D:3:      layout_loops_ring, minmay_misc_feat_cross, nrook_loot_triangle,
          grunt_decor_clamped, chequers_jeans
D:4:      layout_gridville, nicolae_hepliaklqana_monster_ancestors, uniq_robin

Skill      XL: |  1  2  3  4  5 |
---------------+----------------+-----
Axes           | 3 4 5 |  5.2
Fighting       | 3 |  3.9
Throwing       | |  1.7
Dodging        | |  2.6

Action                   |  1- 3 |  4- 6 || total
-------------------------+-------+-------++-------
Melee: War axe           |    67 |   128 ||   195
       Punch             |     1 |       ||     1
       Hand axe          |       |     3 ||     3
Evoke: Wand              |       |     1 ||     1
  Use: Scroll            |       |     4 ||     4
       Potion            |       |     2 ||     2
Armor: Chain mail        |    54 |   130 ||   184
       Leather armour    |     4 |       ||     4
Dodge: Dodged            |    28 |    50 ||    78

Table legend: (Time is in decaauts)
 A = Elapsed time spent in this place.
 B = Non-inter-level travel time spent in this place.
 C = Inter-level travel time spent in this place.
 D = Time resting spent in this place.
 E = Time spent auto-exploring this place.
 F = Levels seen in this place.
 G = Mean time per level.
                   A        B        C        D        E       F      G
               +--------+--------+--------+--------+--------+-----+--------+
         Total |   3317 |   3268 |     49 |    117 |   2613 |   4 |  829.2 |
       Dungeon |   3317 |   3268 |     49 |    117 |   2613 |   4 |  829.2 |
               +--------+--------+--------+--------+--------+-----+--------+

Top non-repeatable levels by time:
     D:3: 1069 daAuts
     D:2: 1058 daAuts
     D:1: 881 daAuts
     D:4: 307 daAuts
